MID
SOUTH BEND CUBS @ DAYTON DRAGONS
05/01/2044
 
TOP OF THE 1ST
South Bend Cubs batting - Pitching for Dayton Dragons : RHP Justin Ezzell
Pitching: RHP Justin Ezzell
Batting: RHB Jason Ostrom 0-0: Ball
1-0: Bunted foul
1-1: Ground out 5-3 (Groundball, 56, EV 86.9 MPH)
Batting: LHB Andy Bordeaux 0-0: Ball
1-0: Ball
2-0: Called Strike
2-1: Foul Ball, location: 2F
2-2: Ball
3-2: Strikes out swinging
Batting: LHB Mike DiNardo 0-0: SINGLE (Line Drive, 9S, EV 101.2 MPH)
Batting: LHB Shuan-yan Wu 0-0: Called Strike
0-1: Swinging Strike
0-2: Ball
1-2: Ball
2-2: Fielders Choice at 2nd, 6-4 (Groundball, 6, EV 85.0 MPH)
Top of the 1st over - 0 runs, 1 hit, 0 errors, 1 left on base; South Bend 0 - Dayton 0
BOTTOM OF THE 1ST
Dayton Dragons batting - Pitching for South Bend Cubs : LHP Jose Carrillo
Pitching: LHP Jose Carrillo
Batting: RHB Bruno André 0-0: Called Strike
0-1: Swinging Strike
0-2: Ball
1-2: Ball
2-2: Ball
3-2: Fly out, F7 (Flyball, 7S, EV 96.9 MPH)
Batting: LHB Andy Schumacher 0-0: Foul Ball, location: 2F
0-1: Ball
1-1: Foul Ball, location: 2F
1-2: Foul Ball, location: 2F
1-2: Ball
2-2: Foul Ball, location: 2F
2-2: Ball
3-2: Ground out 6-3 (Groundball, 6M, EV 86.9 MPH)
Batting: RHB John Galluzzo 0-0: Foul Ball, location: 2F
0-1: Ball
1-1: Ball
2-1: Foul Ball, location: 2F
2-2: Foul Ball, location: 2F
2-2: SINGLE (Groundball, 34D, EV 95.0 MPH)
Pitching: RHP Daniel Sullivan
Batting: SHB Kristian Kristensen 0-0: Ball
1-0: Called Strike
1-1: Ball
2-1: Swinging Strike
2-2: Strikes out looking
Bottom of the 1st over - 0 runs, 1 hit, 0 errors, 1 left on base; South Bend 0 - Dayton 0
TOP OF THE 2ND
South Bend Cubs batting - Pitching for Dayton Dragons : RHP Justin Ezzell
Batting: SHB Benoît Morin 0-0: Ball
1-0: Ball
2-0: Ball
3-0: Base on Balls
Batting: LHB Jim Polson 0-0: Ball
1-0: Ball
2-0: SINGLE (Groundball, 6D, EV 100.0 MPH)
Benoît Morin to second
Batting: RHB Omar Novoa 0-0: DOUBLE (Line Drive, 78D, EV 102.5 MPH)
Benoît Morin scores
Jim Polson to third
Batting: RHB John Madden 0-0: Called Strike
0-1: Foul Ball, location: 2F
0-2: Foul Ball, location: 2F
0-2: Foul Ball, location: 2F
0-2: Ball
1-2: Ball
2-2: Ball
Wild Pitch!
Jim Polson scores
Omar Novoa to third
3-2: Base on Balls
Batting: SHB Alvaro Andrade 0-0: Ball
1-0: Ball
2-0: Swinging Strike
2-1: Swinging Strike
2-2: Foul Ball, location: 2F
2-2: Ball
3-2: Base on Balls
John Madden to second
Batting: RHB Jason Ostrom 0-0: Called Strike
0-1: Swinging Strike
0-2: Strikes out swinging
Batting: LHB Andy Bordeaux 0-0: Ball
1-0: Ball
2-0: Ball
3-0: Called Strike
3-1: Foul Ball, location: 2F
3-2: Grounds into double play, 4-6-3 (Groundball, 4, EV 82.5 MPH)
Top of the 2nd over - 2 runs, 2 hits, 0 errors, 2 left on base; South Bend 2 - Dayton 0
BOTTOM OF THE 2ND
Dayton Dragons batting - Pitching for South Bend Cubs : RHP Daniel Sullivan
Batting: RHB Ben Hinman 0-0: Ball
1-0: Ball
2-0: Foul Ball, location: 2F
2-1: Foul Ball, location: 2F
2-2: Ball
3-2: Foul Ball, location: 2F
3-2: Base on Balls
Batting: LHB Nick Nino 0-0: Foul Ball, location: 2F
0-1: Foul Ball, location: 2F
0-2: SINGLE (Groundball, 34D, EV 94.4 MPH)
Ben Hinman to second
Runner from 2nd tries for 3rd, SAFE, throw by RF made to third
Batting: RHB Jonathan Davis 0-0: Called Strike
0-1: Ball
Nick Nino is caught stealing 2nd base 2-4
1-1: Ball
2-1: Fly out, F7 (Flyball, 7, EV 91.9 MPH)
Pitching: RHP Devin Ward
Batting: LHB Matt Kennedy 0-0: Ball
1-0: Ball
2-0: Ball
3-0: Foul Ball, location: 2F
3-1: Hit by Pitch
Batting: RHB Tim Walter 0-0: Called Strike
0-1: SINGLE (Groundball, 4MD, EV 109.4 MPH)
Ben Hinman scores
Matt Kennedy to second
Batting: RHB Bruno André 0-0: Ball
1-0: Called Strike
1-1: Fly out, F4 (Popup, 4S, EV 80.0 MPH)
Bottom of the 2nd over - 1 run, 2 hits, 0 errors, 2 left on base; South Bend 2 - Dayton 1
TOP OF THE 3RD
South Bend Cubs batting - Pitching for Dayton Dragons : RHP Justin Ezzell
Batting: LHB Mike DiNardo 0-0: Fly out, F8 (Line Drive, 8RM, EV 106.2 MPH)
Batting: LHB Shuan-yan Wu 0-0: Ball
1-0: Foul Ball, location: 2F
1-1: Ball
2-1: Fly out, F5 (Line Drive, 5, EV 74.4 MPH)
Batting: SHB Benoît Morin 0-0: Ball
1-0: Swinging Strike
1-1: Foul Ball, location: 2F
1-2: Foul Ball, location: 2F
1-2: Ball
2-2: SINGLE (Groundball, 6D, EV 103.1 MPH)
Batting: LHB Jim Polson 0-0: Ball
Benoît Morin is caught stealing 2nd base 2-6
Top of the 3rd over - 0 runs, 1 hit, 0 errors, 0 left on base; South Bend 2 - Dayton 1
BOTTOM OF THE 3RD
Dayton Dragons batting - Pitching for South Bend Cubs : RHP Devin Ward
Batting: LHB Andy Schumacher 0-0: SOLO HOME RUN (Line Drive, 9D, EV 101.9 MPH), Distance : 374 ft
Batting: RHB John Galluzzo 0-0: Ball
1-0: Ball
2-0: Ball
3-0: Base on Balls
Batting: SHB Kristian Kristensen 0-0: Ball
1-0: Ball
2-0: Ball
3-0: Base on Balls
John Galluzzo to second
Pitching: RHP Josh Deyo
Batting: RHB Ben Hinman 0-0: Ball
1-0: SINGLE (Groundball, P, EV 88.8 MPH) (infield hit)
John Galluzzo to third
Kristian Kristensen to second
Batting: LHB Nick Nino 0-0: Ball
1-0: Fielders Choice at 2nd, 3-6 (Groundball, 34S, EV 88.8 MPH)
John Galluzzo scores
Kristian Kristensen to third
Batting: RHB Jonathan Davis 0-0: Ball
Wild Pitch!
Kristian Kristensen scores
Nick Nino to second
1-0: Ground out 4-3 (Groundball, 4, EV 84.4 MPH)
Nick Nino to third
Batting: LHB Matt Kennedy 0-0: Called Strike
0-1: Ball
1-1: Foul Ball, location: 2F
1-2: Ball
2-2: Foul Ball, location: 2F
2-2: Foul Ball, location: 2F
2-2: Strikes out swinging
Bottom of the 3rd over - 3 runs, 2 hits, 0 errors, 1 left on base; South Bend 2 - Dayton 4
TOP OF THE 4TH
South Bend Cubs batting - Pitching for Dayton Dragons : RHP Justin Ezzell
Batting: LHB Jim Polson 0-0: Foul Ball, location: 2F
0-1: Foul Ball, location: 2F
0-2: Strikes out swinging
Batting: RHB Omar Novoa 0-0: Ball
1-0: Ground out 4-3 (Groundball, 4, EV 103.8 MPH)
Batting: RHB John Madden 0-0: SINGLE (Line Drive, 8LS, EV 98.1 MPH)
Batting: SHB Alvaro Andrade 0-0: Ball
1-0: Called Strike
1-1: Foul Ball, location: 2F
1-2: Strikes out swinging
Top of the 4th over - 0 runs, 1 hit, 0 errors, 1 left on base; South Bend 2 - Dayton 4
BOTTOM OF THE 4TH
Dayton Dragons batting - Pitching for South Bend Cubs : RHP Josh Deyo
Batting: RHB Tim Walter 0-0: Ball
1-0: SINGLE (Groundball, 56D, EV 95.0 MPH)
Batting: RHB Bruno André 0-0: Ball
1-0: Called Strike
1-1: Ball
2-1: SINGLE (Groundball, 56D, EV 98.8 MPH)
Tim Walter to second
Pitching: RHP Jason Scott
Batting: LHB Andy Schumacher 0-0: Ball
1-0: Foul Ball, location: 2F
1-1: Swinging Strike
1-2: Ball
2-2: Foul Ball, location: 2F
2-2: Foul Ball, location: 2F
2-2: SINGLE (Line Drive, 6MD, EV 104.4 MPH)
Tim Walter to third
Bruno André to second
Batting: RHB John Galluzzo 0-0: Swinging Strike
0-1: Ball
1-1: Called Strike
1-2: Ball
2-2: Strikes out swinging
Batting: SHB Kristian Kristensen 0-0: Reached on error, E5 (Groundball, 56, EV 82.5 MPH)
Tim Walter scores
Bruno André to third
Andy Schumacher to second
Batting: RHB Ben Hinman 0-0: Ball
1-0: Ball
2-0: Ball
3-0: Called Strike
3-1: Grounds into double play, 1-2-3 (Groundball, 34S, EV 68.8 MPH)
Bottom of the 4th over - 1 run, 3 hits, 1 error, 2 left on base; South Bend 2 - Dayton 5
TOP OF THE 5TH
South Bend Cubs batting - Pitching for Dayton Dragons : RHP Justin Ezzell
Batting: RHB Jason Ostrom 0-0: Swinging Strike
0-1: Foul Ball, location: 2F
0-2: Ball
1-2: Foul Ball, location: 2F
1-2: Strikes out swinging
Batting: LHB Andy Bordeaux 0-0: Ball
1-0: Ball
2-0: Foul Ball, location: 2F
2-1: Ball
3-1: Base on Balls
Batting: LHB Mike DiNardo 0-0: Called Strike
0-1: Ball
1-1: Foul Ball, location: 2F
1-2: Ball
2-2: Foul Ball, location: 2F
2-2: Foul Ball, location: 2F
2-2: Grounds out, U3 (Groundball, 3L, EV 95.6 MPH)
Batting: LHB Shuan-yan Wu 0-0: Ball
Wild Pitch!
Andy Bordeaux to third
1-0: Ball
2-0: Reached on error, E6 (Groundball, 6, EV 83.1 MPH)
Andy Bordeaux scores
Batting: SHB Benoît Morin 0-0: SINGLE (Groundball, 4MD, EV 103.8 MPH)
Shuan-yan Wu to third
Runner from 3rd tries for Home, SAFE, throw by CF to home
Benoît Morin to second
Batting: LHB Jim Polson 0-0: Swinging Strike
0-1: Foul Ball, location: 2F
0-2: Ball
1-2: Foul Ball, location: 2F
1-2: Strikes out looking
Top of the 5th over - 2 runs, 1 hit, 1 error, 1 left on base; South Bend 4 - Dayton 5
BOTTOM OF THE 5TH
Dayton Dragons batting - Pitching for South Bend Cubs : RHP Jason Scott
Pitching: RHP Jean-Paul Lefebvre
Batting: LHB Nick Nino 0-0: Ball
1-0: Ball
2-0: Called Strike
2-1: Ball
3-1: Base on Balls
Batting: RHB Jonathan Davis 0-0: Ball
Nick Nino is caught stealing 2nd base 2-4
1-0: Foul Ball, location: 2F
1-1: Ball
2-1: Foul Ball, location: 2F
2-2: Foul Ball, location: 2F
2-2: Foul Ball, location: 2F
2-2: Ball
3-2: Base on Balls
Batting: LHB Matt Kennedy 0-0: Ball
1-0: Ball
2-0: Swinging Strike
2-1: SINGLE (Groundball, 6D, EV 111.2 MPH)
Jonathan Davis to second
Batting: RHB Tim Walter 0-0: Ball
1-0: Foul Ball, location: 2F
1-1: Foul Ball, location: 2F
1-2: Ball
2-2: Ball
3-2: Foul Ball, location: 2F
3-2: DOUBLE (Flyball, 8LXD, EV 102.5 MPH)
Jonathan Davis scores
Matt Kennedy to third
Runner from 3rd tries for Home, SAFE, throw by CF to home
Pitching: LHP Nate George
Batting: RHB Bruno André 0-0: Ball
1-0: Called Strike
1-1: Ball
2-1: Swinging Strike
2-2: Ball
3-2: Foul Ball, location: 2F
3-2: Foul Ball, location: 2F
3-2: Reached on error, E2 (Groundball, 2L, EV 76.9 MPH)
Tim Walter scores
Batting: LHB Andy Schumacher 0-0: Called Strike
0-1: Called Strike
0-2: Ball
1-2: Ball
2-2: Foul Ball, location: 2F
2-2: Ball
3-2: DOUBLE (Groundball, 3L, EV 108.8 MPH)
Bruno André scores
Batting: RHB John Galluzzo 0-0: Ball
1-0: Ball
2-0: SINGLE (Groundball, 34D, EV 96.9 MPH)
Andy Schumacher to third
Pitching: RHP Eric Allen
Batting: SHB Kristian Kristensen 0-0: Swinging Strike
0-1: SINGLE (Flyball, 89S, EV 85.6 MPH)
Andy Schumacher scores
John Galluzzo to second
Runner from 2nd tries for 3rd, SAFE, throw by RF made to third
Batting: RHB Ben Hinman 0-0: Ball
1-0: Called Strike
1-1: Ball
2-1: SINGLE (Groundball, 5D, EV 102.5 MPH)
John Galluzzo scores
Kristian Kristensen to second
Batting: LHB Nick Nino 0-0: Ball
1-0: Swinging Strike
1-1: Ball
2-1: Swinging Strike
2-2: Ground out 6-3 (Groundball, 6M, EV 103.8 MPH)
Kristian Kristensen to third
Ben Hinman to second
Batting: RHB Jonathan Davis 0-0: Ground out 6-3 (Groundball, 56, EV 80.6 MPH)
Bottom of the 5th over - 6 runs, 6 hits, 1 error, 2 left on base; South Bend 4 - Dayton 11
TOP OF THE 6TH
South Bend Cubs batting - Pitching for Dayton Dragons : RHP Justin Ezzell
Batting: RHB Omar Novoa 0-0: Called Strike
0-1: Called Strike
0-2: Ball
1-2: Ground out 4-3 (Groundball, 4, EV 78.1 MPH)
Batting: RHB John Madden 0-0: Foul Ball, location: 2F
0-1: Ball
1-1: Ball
2-1: Foul Ball, location: 2F
2-2: Foul Ball, location: 2F
2-2: Ball
3-2: Base on Balls
Pitching: LHP Tim Ketcham
Batting: SHB Alvaro Andrade 0-0: Called Strike
0-1: Foul Ball, location: 2F
0-2: Ball
1-2: Ball
2-2: Strikes out looking
Batting: RHB Jason Ostrom 0-0: Ball
1-0: Foul Ball, location: 2F
1-1: Ball
2-1: Foul Ball, location: 2F
2-2: Ball
3-2: Foul Ball, location: 2F
3-2: Base on Balls
John Madden to second
Batting: LHB Andy Bordeaux 0-0: Foul Ball, location: 2F
0-1: Ball
1-1: Swinging Strike
1-2: Foul Ball, location: 2F
1-2: Strikes out looking
Top of the 6th over - 0 runs, 0 hits, 0 errors, 2 left on base; South Bend 4 - Dayton 11
BOTTOM OF THE 6TH
Dayton Dragons batting - Pitching for South Bend Cubs : RHP Eric Allen
Batting: LHB Matt Kennedy 0-0: SINGLE (Flyball, 8RS, EV 99.4 MPH)
Batting: RHB Tim Walter 0-0: Ball
1-0: Ball
2-0: Ball
3-0: Base on Balls
Matt Kennedy to second
Batting: RHB Bruno André 0-0: Called Strike
0-1: Ball
1-1: DOUBLE (Groundball, 5L, EV 104.4 MPH)
Matt Kennedy scores
Tim Walter to third
Runner from 3rd tries for Home, SAFE, throw by LF to trailing runner, SAFE at third!
Batting: LHB Andy Schumacher 0-0: Called Strike
0-1: SINGLE (Line Drive, 4D, EV 95.6 MPH)
Bruno André scores
Pitching: LHP Bill Tardiff
Batting: RHB John Galluzzo 0-0: Ball
1-0: 2-RUN HOME RUN (Flyball, 89XD, EV 115.6 MPH), Distance : 433 ft
Batting: SHB Kristian Kristensen 0-0: Foul Ball, location: 2F
0-1: Fly out, F9 (Flyball, 9D, EV 81.9 MPH)
Batting: RHB Ben Hinman 0-0: Ball
1-0: Ball
2-0: Called Strike
2-1: Swinging Strike
2-2: Ball
3-2: Strikes out looking
Batting: LHB Nick Nino 0-0: SINGLE (Groundball, 34S, EV 71.2 MPH) (infield hit)
Batting: RHB Jonathan Davis 0-0: DOUBLE (Line Drive, 9LS, EV 104.4 MPH)
Nick Nino to third
Runner from 3rd tries for Home, SAFE, throw by RF to home
Batting: LHB Matt Kennedy 0-0: Called Strike
0-1: Called Strike
0-2: Ground out 4-3 (Groundball, 4, EV 85.6 MPH)
Bottom of the 6th over - 6 runs, 6 hits, 0 errors, 1 left on base; South Bend 4 - Dayton 17
TOP OF THE 7TH
South Bend Cubs batting - Pitching for Dayton Dragons : LHP Tim Ketcham
Batting: LHB Mike DiNardo 0-0: Ball
1-0: Ball
2-0: Foul Ball, location: 2F
2-1: Ground out U3 (Groundball, 3, EV 86.9 MPH)
Batting: LHB Shuan-yan Wu 0-0: Ball
1-0: Ground out 1-3 (Groundball, 15S, EV 64.4 MPH)
Batting: SHB Benoît Morin 0-0: Called Strike
0-1: Swinging Strike
0-2: Strikes out swinging, 2-3 out at first.
Top of the 7th over - 0 runs, 0 hits, 0 errors, 0 left on base; South Bend 4 - Dayton 17
BOTTOM OF THE 7TH
Dayton Dragons batting - Pitching for South Bend Cubs : LHP Bill Tardiff
Batting: RHB Tim Walter 0-0: Fly out, F9 (Flyball, 9LM, EV 96.2 MPH)
Batting: RHB Bruno André 0-0: Foul Ball, location: 2F
0-1: Foul Ball, location: 2F
0-2: Ball
1-2: Ball
2-2: DOUBLE (Line Drive, 78M, EV 108.8 MPH)
Pitching: RHP Mike Savage
Batting: LHB Andy Schumacher 0-0: Ground out U3 (Groundball, 3L, EV 85.6 MPH)
Bruno André to third
Batting: RHB John Galluzzo 0-0: Called Strike
0-1: Ball
1-1: Ball
2-1: Foul Ball, location: 2F
2-2: Ground out 6-3 (Groundball, 6, EV 75.6 MPH)
Bottom of the 7th over - 0 runs, 1 hit, 0 errors, 1 left on base; South Bend 4 - Dayton 17
TOP OF THE 8TH
South Bend Cubs batting - Pitching for Dayton Dragons : LHP Tim Ketcham
Batting: LHB Jim Polson 0-0: Called Strike
0-1: Swinging Strike
0-2: Strikes out swinging
Batting: RHB Omar Novoa 0-0: Ball
1-0: Ball
2-0: SINGLE (Groundball, 4D, EV 96.9 MPH)
Pitching: RHP Joe Green
Batting: RHB John Madden 0-0: Foul Ball, location: 2F
0-1: Swinging Strike
0-2: Ball
1-2: Ball
2-2: Strikes out swinging
Batting: SHB Alvaro Andrade 0-0: Foul Ball, location: 2F
0-1: Ball
1-1: Foul Ball, location: 2F
1-2: Ground out U3 (Groundball, 34S, EV 93.8 MPH)
Top of the 8th over - 0 runs, 1 hit, 0 errors, 1 left on base; South Bend 4 - Dayton 17
BOTTOM OF THE 8TH
Dayton Dragons batting - Pitching for South Bend Cubs : RHP Mike Savage
Batting: SHB Kristian Kristensen 0-0: Reached on error, E6 (Groundball, 6, EV 84.4 MPH)
Pinch Hitting: RHB Sean Jenkinson 0-0: Ball
1-0: SINGLE (Groundball, 6S, EV 63.1 MPH) (infield hit)
Kristian Kristensen to second
Batting: LHB Nick Nino 0-0: Ball
1-0: Called Strike
1-1: Ball
2-1: Ball
3-1: Foul Ball, location: 2F
3-2: Foul Ball, location: 2F
3-2: Base on Balls
Kristian Kristensen to third
Sean Jenkinson to second
Batting: RHB Jonathan Davis 0-0: Ball
1-0: Called Strike
1-1: Ball
2-1: Ball
3-1: Fly out, F9 (Flyball, 89XD, EV 93.8 MPH)
Runner from 3rd tags up, SCORES, no throw by RF
Batting: LHB Matt Kennedy 0-0: Called Strike
0-1: Swinging Strike
0-2: Fly out, F3 (Flyball, 34D, EV 71.9 MPH)
Batting: RHB Tim Walter 0-0: Ground out 4-3 (Groundball, 4MS, EV 65.0 MPH)
Bottom of the 8th over - 1 run, 1 hit, 1 error, 2 left on base; South Bend 4 - Dayton 18
TOP OF THE 9TH
South Bend Cubs batting - Pitching for Dayton Dragons : RHP Joe Green
Now at 1B: Sean Jenkinson
Batting: RHB Jason Ostrom 0-0: Called Strike
0-1: Swinging Strike
0-2: Ball
1-2: Foul Ball, location: 2F
1-2: Strikes out swinging
Batting: LHB Andy Bordeaux 0-0: Ball
1-0: Ball
2-0: Foul Ball, location: 2F
2-1: Ground out 4-3 (Groundball, 4, EV 80.6 MPH)
Batting: LHB Mike DiNardo 0-0: Swinging Strike
0-1: SINGLE (Groundball, 4M, EV 76.9 MPH) (infield hit)
Batting: LHB Shuan-yan Wu 0-0: Called Strike
0-1: Ball
1-1: Foul Ball, location: 2F
1-2: Ground out 5-3 (Groundball, 5L, EV 92.5 MPH)
Top of the 9th over - 0 runs, 1 hit, 0 errors, 1 left on base; South Bend 4 - Dayton 18
Thursday, March 31st , 2022 - OOTP Baseball 22.12 Build 89